 Dungeon Crawl Stone Soup version 0.29-a0-1065-g47a6bb87d6 (webtiles) character file.

Game seed: 7920648293959076981

65 ytrimaz the Insei (level 4, 0/28 HPs)
             Began as an Octopode Transmuter on Aug 18, 2022.
             Killed from afar by an orc wizard (8 damage)
             ... with a magic dart
             ... on level 3 of the Dungeon.
             The game lasted 00:02:45 (2982 turns).

ytrimaz the Insei (Octopode Transmuter)             Turns: 2982, Time: 00:02:46

Health: 0/28       AC:  1    Str:  9    XL:     4   Next: 13%
Magic:  7/7        EV: 13    Int: 17    God:
Gold:   95         SH:  0    Dex: 12    Spells: 1/7 levels left

rFire   . . .      SeeInvis .     - Unarmed
rCold   . . .      Faith    .   (no shield)
rNeg    . . .      Spirit   .   (helmet currently unavailable)
rPois   .          Reflect  .   (no amulet)
rElec   .          Harm     .   (no ring)
rCorr   .          Rampage  .   (no ring)
Will    .....                   (no ring)
Stlth   ++........              (no ring)
HPRegen 0.09/turn               (no ring)
MPRegen 0.10/turn               (no ring)
                                (no ring)
                                (no ring)

@: appendages (expiring)
A: tentacle spike 3, almost no armour, amphibious, 8 rings, camouflage 1,
gelatinous body 1, (nimble swimmer 1), tentacles
a: End Transformation


You were on level 3 of the Dungeon.
One of your tentacles had grown a beastly spike.
You visited 1 branch of the dungeon, and saw 3 of its levels.

You collected 95 gold pieces.

Inventory:

Scrolls
 h - a scroll of summoning
Potions
 a - a potion of lignification
 b - 2 potions of flight {unknown}
 c - 3 potions of curing {unknown}
 d - a potion of brilliance {unknown}
 e - a potion of resistance {unknown}
 f - a potion of berserk rage {unknown}


   Skills:
 + Level 1.1 Fighting
 + Level 2.6 Dodging
 + Level 4.4 Unarmed Combat
 - Level 2.0 Spellcasting
 - Level 2.0 Transmutations


You had one spell level left.
You knew the following spells:

 Your Spells              Type           Power      Damage    Failure   Level
a - Beastly Appendage     Tmut           16%        N/A       9%          1
b - Wereblood             Tmut           8%         N/A       13%         2
c - Spider Form           Tmut/Pois      5%         N/A       36%         3

Your spell library contained the following spells:

 Spells                   Type           Power      Damage    Failure   Level
 Sandblast                Erth           2%         2d4       19%         1
 Summon Small Mammal      Summ           4%         N/A       19%         1
 Passwall                 Tmut/Erth      4%         N/A       19%         2
 Poisonous Vapours        Pois/Air       2%         N/A       28%         2
 Call Canine Familiar     Summ           1%         N/A       50%         3
 Stone Arrow              Conj/Erth      2%         3d7       50%         3
 Summon Guardian Golem    Hex/Summ       1%         N/A       50%         3
 Ice Form                 Ice/Tmut       5%         N/A       77%         4
 Corpse Rot               Necr/Pois/Air  1%         N/A       88%         4


Dungeon Overview and Level Annotations

Branches:
Dungeon (3/15)

Altars:


Innate Abilities, Weirdness & Mutations

One of your tentacles has grown a beastly spike.
You cannot wear most types of armour.
You are amphibious.
You can wear up to eight rings at the same time.
Your skin changes colour to match your surroundings (Stealth+).
Your rubbery body absorbs attacks. (AC +1, EV +1)
((You are camouflaged when in or above water. (Stealth+)))
You have tentacles for arms and can constrict up to eight enemies at once.


Message History

You tentacle-slap the orc but do no damage.
You grab the orc.
You constrict the orc, but do no damage.
The orc hits you with a +0 flail.
Unknown command.
You tentacle-slap the orc. You squeeze the orc.
The orc is heavily wounded.
You constrict the orc. The orc hits you with a +0 flail!
You tentacle-slap the orc.
You kill the orc!
You closely miss the orc wizard. Your grab misses the orc wizard.
You tentacle-slap the orc wizard. Your grab misses the orc wizard.
The orc wizard is moderately wounded.
The orc wizard mumbles some strange words.
The orc wizard flickers and vanishes!
Deactivating autopickup; reactivate with Ctrl-A.
You miss something. You squeeze something!
You hear some strange, mumbled words.
Something tries to affect you, but you resist.
Unknown command.
You tentacle-slap something but do no damage.
You pierce something.
You hear the rusting of a very distant drain.
Something hits you.
No target in view!
You miss something.
Your tentacle spike misses something.
Your transformation is almost over.
Something hits you.
Unknown command.
You closely miss something.
You pierce something.
Your squeeze misses something. Something hits you.
Unknown command.
You closely miss something.
You pierce something.
Your squeeze misses something. Something hits you.
* * * LOW HITPOINT WARNING * * *
You closely miss something.
Your tentacle spike misses something.
You hear some strange, mumbled words.
A magic dart appears from out of thin air!
The magic dart hits you!
You die...

#### ..# ####.###
#......#
#..##.#....#
...........#########
#..####............#
#....{@..#########.#
##.#####.# #.# #.#
####.#### #'#
#.†.....# ...
#.##..#.# ...
#.###...# ....
#.##.#.## ##.#....##
'.........


There were no monsters in sight!

Vanquished Creatures
  2 adders
  A dart slug (D:1)
  An orc (D:3)
  4 endoplasms
  2 giant cockroaches (D:1)
  5 hobgoblins
  4 jackals (D:1)
  A quokka (D:3)
  2 ball pythons (D:1)
  5 bats
  2 frilled lizards (D:1)
  4 goblins
  6 kobolds
  3 rats (D:1)
42 creatures vanquished.

Notes
Turn   | Place    | Note
-------+----------+-------------------------------------------
     0 | D:1      | ytrimaz the Octopode Transmuter began the quest for the
                  | Orb.
     0 | D:1      | Reached XP level 1. HP: 13/13 MP: 3/3
    76 | D:1      | Reached XP level 2. HP: 6/18 MP: 5/5
   675 | D:1      | Reached XP level 3. HP: 20/23 MP: 6/6
   676 | D:1      | Reached skill level 4 in Unarmed Combat
  2080 | D:2      | Learned a level 2 spell: Wereblood
  2084 | D:2      | Learned a level 3 spell: Spider Form
  2808 | D:3      | Reached XP level 4. HP: 19/28 MP: 7/7
  2982 | D:3      | Killed from afar by an orc wizard

Illustrated notes

Levels and vault maps discovered:
D:1:      onia_arrival_pyramid, layout_loops_cross, minmay_stone_trees_small,
          minmay_misc_feat_four_crosses, minmay_pentomino_s4
D:2:      layout_basic, hangedman_decor_points
D:3:      layout_loops_corners, gup_sewer_entry_spiral, grunt_decor_fettered

Skill      XL: |  1  2  3 |
---------------+----------+-----
Unarmed Combat | 4 |  4.4
Fighting       | |  1.1
Dodging        | |  2.6
Spellcasting   | |  2.0
Transmutations | |  2.0

Action                   |  1- 3 |  4- 6 || total
-------------------------+-------+-------++-------
Melee: Unarmed           |    87 |    17 ||   104
       Tentacles         |    16 |     3 ||    19
       Constrict         |    19 |     4 ||    23
       Kick              |    18 |     4 ||    22
       Punch             |     1 |       ||     1
 Cast: Beastly Appendage |    19 |     2 ||    21
  Use: Scroll            |     7 |       ||     7
 Stab: Sleeping          |     5 |     1 ||     6
Armor: Skin              |     7 |     1 ||     8
Dodge: Dodged            |    62 |     5 ||    67

Table legend: (Time is in decaauts)
 A = Elapsed time spent in this place.
 B = Non-inter-level travel time spent in this place.
 C = Inter-level travel time spent in this place.
 D = Time resting spent in this place.
 E = Time spent auto-exploring this place.
 F = Levels seen in this place.
 G = Mean time per level.
                   A        B        C        D        E       F      G
               +--------+--------+--------+--------+--------+-----+--------+
         Total |   2973 |   2956 |     17 |    645 |   1940 |   3 |  991.0 |
       Dungeon |   2973 |   2956 |     17 |    645 |   1940 |   3 |  991.0 |
               +--------+--------+--------+--------+--------+-----+--------+

Top non-repeatable levels by time:
     D:2: 1436 daAuts
     D:1: 1281 daAuts
     D:3: 256 daAuts
